 Dungeon Crawl Stone Soup version 0.22.1-5-g62c59d9 (webtiles) character file.

315 nicolaieve the Basher (level 6, 0/51 HPs)
             Began as a Minotaur Berserker on Jan 12, 2019.
             Was a Believer of Trog.
             Succumbed to Sigmund's poison
             ... on level 2 of the Dungeon.
             The game lasted 00:05:47 (1791 turns).

nicolaieve the Basher (Minotaur Berserker)          Turns: 1791, Time: 00:05:48

Health: 0/51       AC:  8    Str: 21    XL:     6   Next: 20%
Magic:  5/5        EV:  8    Int:  4    God:    Trog [**....]
Gold:   100        SH:  0    Dex: 12    Spells: 5/5 levels left

rFire    . . .     SeeInvis .   p - +3 mace
rCold    . . .     Gourm    .   (no shield)
rNeg     . . .     Faith    .   e - +0 chain mail
rPois    .         Spirit   .   (helmet restricted)
rElec    .         Reflect  .   (no cloak)
rCorr    +         Harm     .   (no gloves)
MR       ++...                  (no boots)
Stlth    ..........             (no amulet)
HPRegen  1.17/turn              l - ring of resist corrosion (curse)
MPRegen  0.09/turn              (no ring)

@: lethally poisoned (0 -> -6), berserk cooldown, regenerating, slowed, very
slow
A: retaliatory headbutt, horns 2
a: Berserk, Trog's Hand, Renounce Religion


You were on level 2 of the Dungeon.
You worshipped Trog.
Trog was pleased with you.
You were not hungry.

You visited 1 branch of the dungeon, and saw 3 of its levels.

You collected 100 gold pieces.

Inventory:

Hand Weapons
 p - a +3 mace (weapon)
Missiles
 i - 37 stones (quivered)
Armour
 e - a +0 chain mail (worn)
Jewellery
 l - a cursed ring of resist corrosion (left hand)
Scrolls
 b - a scroll of teleportation {unknown}
 f - 2 scrolls of fog {unknown}
 g - 2 scrolls of identify {unknown}
 h - 2 scrolls of blinking {unknown}
 j - a scroll of noise {unknown}
Potions
 d - 2 potions of magic {unknown}
 n - a potion of lignification {unknown}
 o - a potion of flight {unknown}
Comestibles
 c - 2 rations


   Skills:
 - Level 3.6 Fighting
 + Level 8.5 Maces & Flails
 - Level 2.4 Armour
 - Level 2.1 Dodging


You had 5 spell levels left.
You didn't know any spells.
Your spell library was empty.

Dungeon Overview and Level Annotations

Branches:
Dungeon (3/15)

Altars:
Cheibriados
Elyvilon
Fedhas
Nemelex Xobeh
Zin


Innate Abilities, Weirdness & Mutations

You reflexively headbutt those who attack you in melee.
You have a pair of horns on your head.


Message History

Your experience leads to an increase in your attributes!
Your base attributes are Str 21, Int 4, Dex 11.
Increase (S)trength, (I)ntelligence, or (D)exterity?
You feel agile.
* * * LOW HITPOINT WARNING * * *
You feel sick.
You eat one of the 3 rations.
That ration really hit the spot!
* * * LOW HITPOINT WARNING * * *
You feel sick.
You feel a strong urge to attack something.
* * * LOW HITPOINT WARNING * * *
You feel sick.
You are no longer berserk.
You are exhausted.
You feel yourself slow down.
* * * LOW HITPOINT WARNING * * *
You feel sick.
Items here: ! ) [ † a scythe of venom; a robe; a cyan potion; the human corpse of Sigmund You die...

....##.....# #......#
#.....#.#
######.....####)#.###
#.#####.#
.....+..............#
#.# #.#
....##......#.#.#.#.#
#.# #.#
....####....#.#...#.#
#.# #.#
....####....#.#...#.#
#.# #.#
.......'....+.....#.#
#.# #.#
########....#.##))#.#
#.# #.#
#.......#.@>#.###.#
#.#
#.....####).#.....#
#.# #.....#
#..###########.#
#.#####
#..............# #.#
#.##############
#.########.#
#..........#
############


There were no monsters in sight!

Vanquished Creatures
  Sigmund (D:2)
  An orc priest (D:3)
  An orc wizard (D:2)
  4 adders (D:2)
  An ooze (D:1)
  3 dart slugs
  2 leopard geckos
  4 orcs
  5 bats
  2 giant cockroaches (D:2)
  3 hobgoblins
  2 jackals (D:1)
  A quokka (D:2)
  2 frilled lizards
  6 goblins
  8 kobolds
  4 rats
50 creatures vanquished.

Notes
Turn   | Place    | Note
-------+----------+-------------------------------------------
     0 | D:1      | nicolaieve the Minotaur Berserker began the quest for the
                  | Orb.
     0 | D:1      | Reached XP level 1. HP: 19/19 MP: 0/0
    49 | D:1      | Reached skill level 4 in Maces & Flails
   145 | D:1      | Reached XP level 2. HP: 23/26 MP: 1/1
   417 | D:1      | Reached skill level 5 in Maces & Flails
   559 | D:2      | Reached XP level 3. HP: 31/31 MP: 2/2
   603 | D:2      | Reached ** piety under Trog
   845 | D:2      | Found a faded altar of an unknown god.
   861 | D:2      | Found a snail-covered altar of Cheibriados.
   861 | D:2      | Found a blossoming altar of Fedhas.
   866 | D:2      | Found a sparkling altar of Nemelex Xobeh.
   868 | D:2      | Found a white marble altar of Elyvilon.
   869 | D:2      | Found a glowing silver altar of Zin.
  1062 | D:2      | Reached skill level 6 in Maces & Flails
  1062 | D:2      | Reached XP level 4. HP: 38/39 MP: 3/3
  1429 | D:3      | Noticed Sigmund
  1779 | D:2      | Reached skill level 7 in Maces & Flails
  1779 | D:2      | Reached XP level 5. HP: 22/45 MP: 4/4
  1787 | D:2      | Killed Sigmund
  1787 | D:2      | Reached skill level 8 in Maces & Flails
  1787 | D:2      | Reached XP level 6. HP: 7/51 MP: 5/5
  1789 | D:2      | HP: 3/76 [poisoned by Sigmund]
  1791 | D:2      | Succumbed to Sigmund's poison

Skill      XL: |  1  2  3  4  5 |
---------------+----------------+-----
Maces & Flails | 4 5 6 7 8 |  8.5
Fighting       | |  3.6
Armour         | |  2.4
Dodging        | |  2.1

Action                   |  1- 3 |  4- 6 || total
-------------------------+-------+-------++-------
Melee: Mace              |    68 |    23 ||    91
       Headbutt          |    11 |     6 ||    17
       Whip              |    17 |       ||    17
Invok: Berserk           |       |     1 ||     1
       Trog's Hand       |       |     1 ||     1
  Eat: Chunk             |     1 |     1 ||     2
       Ration            |       |     1 ||     1
Armor: Chain mail        |    53 |    11 ||    64
Dodge: Dodged            |    39 |    10 ||    49
